 Dungeon Crawl Stone Soup version 0.29-a0-575-g0dc89cf053 (webtiles) character file.

Game seed: 7948953957489844891

100295 ptdevnull the Sharpshooter (level 16, -7/94 (104) HPs)
             Began as a Kobold Brigand on June 10, 2022.
             Was the Champion of Okawaru.
             Mangled by Asterion
             ... wielding a +5 vorpal morningstar
              (11 damage)
             ... on level 2 of the Lair of Beasts on June 12, 2022.
             The game lasted 00:59:45 (33353 turns).

ptdevnull the Sharpshooter (Kobold Brigand)        Turns: 33353, Time: 00:59:46

HP:   -7/94 (104)   AC: 20    Str:  8    XL:     16   Next: 79%
MP:   35/35         EV: 34    Int: 12    God:    Okawaru [******]
Gold: 1321          SH:  0    Dex: 34    Spells: 7/18 levels left

rFire   + + .      SeeInvis .   a - +2 rapier (speed)
rCold   + + .      Faith    .   (no shield)
rNeg    . . .      Spirit   .   C - +5 steam dragon scales
rPois   +          Reflect  .   X - +4 helmet of Repulsion {rC- MP+9 Dex+7}
rElec   .          Harm     .   n - +2 cloak "Qirph" {+Inv rC+++ Dex+2 Stlth-}
rCorr   .          Rampage  +   (no gloves)
Will    +....                   o - +1 pair of boots {Fly}
Stlth   +++.......              m - amulet "Riagumaw" {Rampage +Blink rPois Regen+}
HPRegen 1.05/turn               y - ring of protection from fire
MPRegen 0.24/turn               v - ring of protection from fire

@: mighty, flying, contaminated, hasted, glowing, drained, very quick
A: small, no large weapons, nightstalker 3
a: Renounce Religion, Evoke Blink, Evoke Invisibility, Heroism, Finesse, Duel


You were on level 2 of the Lair of Beasts.
You worshipped Okawaru.
Okawaru was exalted by your worship.
You visited 5 branches of the dungeon, and saw 25 of its levels.
You also visited: Bailey and Volcano.

You collected 2155 gold pieces.
You spent 834 gold pieces at shops.

Inventory:

Hand Weapons
 a - a +2 rapier of speed (weapon)
 b - the +7 arbalest "Utrecow" {venom, Contam rPois rF+ Dex+3}
   (You bought it in a shop on level 4 of the Dungeon)

   Any ammunition fired from it poisons the flesh of those it strikes.
   Dex:       It affects your dexterity (+3).
   rF:        It protects you from fire.
   rPois:     It protects you from poison.
   Contam:    It causes magical contamination when unequipped.
 L - a +2 vampiric long sword
Missiles
 d - 44 poisoned darts (quivered)
 e - 3 curare-tipped darts
 f - 2 throwing nets
 r - 4 datura-tipped darts
 B - 4 silver boomerangs
Armour
 n - the +2 cloak "Qirph" (worn) {+Inv rC+++ Dex+2 Stlth-}
   (You found it on level 15 of the Dungeon)

   Dex:       It affects your dexterity (+2).
   rC:        It renders you almost immune to cold.
   +Inv:      It lets you turn invisible.
   Stlth:     It makes you less stealthy.
 o - a +1 pair of boots of flying (worn)
 C - +5 steam dragon scales (worn)
 X - the +4 helmet of Repulsion (worn) {rC- MP+9 Dex+7}
   (Okawaru gifted it to you in a volcano)

   Dex:       It affects your dexterity (+7).
   rC:        It makes you vulnerable to cold.
   MP:        It affects your magic capacity (+9).
Jewellery
 m - the amulet "Riagumaw" (around neck) {Rampage +Blink rPois Regen+}
   (You bought it in a shop on level 1 of the Dungeon)

   [amulet of regeneration]

   rPois:     It protects you from poison.
   +Blink:    It lets you blink.
   Regen:     It increases your rate of health regeneration.
   Rampage:   It bestows one free step when moving towards enemies.
 v - a ring of protection from fire (right hand)
 y - a ring of protection from fire (left hand)
Wands
 g - a wand of acid (7)
 i - a wand of flame (4)
 F - a wand of polymorph (13)
 K - a wand of paralysis (14)
 O - a wand of digging (3)
 Q - a wand of mindburst (22)
 Y - a wand of iceblast (6)
Scrolls
 c - a scroll of poison
 j - a scroll of magic mapping
 q - a scroll of torment {unknown}
 u - 8 scrolls of amnesia
 w - 4 scrolls of immolation
 D - 4 scrolls of enchant weapon
 N - 4 scrolls of fog
Potions
 h - 5 potions of mutation
 l - 3 potions of haste
 p - 9 potions of curing
 t - 5 potions of magic
 x - 2 potions of ambrosia
 A - 6 potions of lignification
 H - 3 potions of brilliance
 S - 2 potions of might
 T - 3 potions of berserk rage
 U - 3 potions of attraction
 V - a potion of experience {unknown}
 Z - a potion of invisibility


   Skills:
 - Level 13.0 Fighting
 - Level 13.2 Short Blades
 - Level 16.0 Crossbows
 - Level 2.1 Throwing
 - Level 14.0 Dodging
 - Level 15.0 Stealth
 + Level 1.7 Spellcasting
 + Level 1.7 Hexes
 * Level 2.7 Translocations
 - Level 14.0 Invocations
 - Level 8.0 Evocations


You had 7 spell levels left.
You knew the following spells:

 Your Spells              Type           Power      Damage    Failure   Level
a - Blink                 Tloc           14%        N/A       14%         2
b - Gell's Gravitas       Tloc           7%         N/A       28%         3
c - Portal Projectile     Hex/Tloc       12%        N/A       34%         3
d - Teleport Other        Tloc           7%         N/A       28%         3

Your spell library contained the following spells:

 Spells                   Type           Power      Damage    Failure   Level
 Necrotize                Necr           4%         1d4       28%         1
 Sting                    Tmut/Pois      4%         1d3       28%         1
 Poisonous Vapours        Pois/Air       2%         N/A       38%         2
 Conjure Flame            Conj/Fire      1%         6-21      63%         3
 Ignite Poison            Fire/Tmut/Pois 1%         N/A       63%         3
 Mephitic Cloud           Conj/Pois/Air  1%         N/A       63%         3
 Stone Arrow              Conj/Erth      2%         3d7       63%         3
 Vampiric Draining        Necr           1%         2d6       63%         3
 Leda's Liquefaction      Hex/Erth       1%         N/A       89%         4
 Olgreb's Toxic Radiance  Pois           1%         N/A       95%         4
 Sticky Flame             Conj/Fire      1%         2d3       95%         4
 Manifold Assault         Tloc           7%         N/A       95%         5
 Agony                    Necr           1%         N/A       100%        5
 Blade Hands              Tmut           0%         N/A       100%        5
 Freezing Cloud           Conj/Ice/Air   0%         6-21      100%        5
 Dispersal                Tloc           3%         N/A       100%        6
 Eringya's Noxious Bog    Tmut/Pois      0%         N/A       100%        6
 Storm Form               Tmut/Air       0%         N/A       100%        7
 Lehudib's Crystal Spear  Conj/Erth      0%         10d2      100%        8
 Summon Small Mammal      Summ           Unusable   N/A       N/A         1
 Tukima's Dance           Hex            Unusable   N/A       N/A         3
 Call Canine Familiar     Summ           Unusable   N/A       N/A         3
 Animate Armour           Summ/Erth      Unusable   N/A       N/A         4
 Summon Forest            Summ/Tloc      Unusable   N/A       N/A         5
 Summon Hydra             Summ           Unusable   N/A       N/A         7

Dungeon Overview and Level Annotations

Branches:
Dungeon (15/15)            Temple (1/1) D:7            Lair (6/6) D:11
 Shoals (0/4) Lair:4       Spider (1/4) Lair:2        Slime (0/5) Lair:6
    Orc (2/2) D:12            Elf (0/3) Orc:2        Vaults (0/5) D:13
 Depths (0/4) D:15         Bailey (visited)         Volcano (visited)

Altars:
Ashenzari
Cheibriados
Dithmenos
Elyvilon
Fedhas
Gozag
Hepliaklqana
Kikubaaqudgha
Makhleb
Nemelex Xobeh
Okawaru
Qazlal
Ru
Sif Muna
Trog
Uskayaw
Vehumet
Wu Jian
Xom
Yredelemnul
Zin
The Shining One
Beogh

Shops:
D:1 =   D:4 *   D:15 *   Orc:2 [([!

Annotations:
D:12 1 runed translucent door
Lair:2 Asterion
Orc:2 2 transporters, dolemite99's ghost, journeyman DsGl


Innate Abilities, Weirdness & Mutations

You are small and have problems with some larger weapons.
You are completely attuned to the shadows.


Message History

Unknown command.
You shoot a bolt. The bolt completely misses Asterion.
You shoot a bolt. The bolt hits Asterion!!
Asterion is lightly wounded.
Asterion mumbles some strange prayers to Makhleb.
Asterion pulls away from the web.
You shoot a bolt. The bolt hits Asterion!
Asterion is moderately wounded.
Asterion hits you with a +5 vorpal morningstar!
Asterion gores you.
The balrug evades a web.
Unknown command.
You shoot a bolt. The bolt barely misses Asterion.
Asterion completely misses you. x2
The balrug hits you with a +0 demon whip of draining!
You are engulfed in flames.
You resist.
You feel drained.
Asterion hits you with a +5 vorpal morningstar.
Asterion completely misses you.
You shoot a bolt. The bolt hits Asterion!
Asterion is moderately wounded.
Asterion hits you with a +5 vorpal morningstar!
Asterion completely misses you. The balrug closely misses you.
You are too injured to fight recklessly!
Unknown command.
Okay, then.
You feel yourself speed up. Asterion misses you.
Asterion completely misses you. The balrug hits you but does no damage.
You feel drained. Asterion closely misses you. Asterion completely misses you.
Okay, then.
Really unwield
b - the +7 arbalest "Utrecow" {venom, Contam rPois rF+ Dex+3}?
Mutagenic energies flood into your body!
You are contaminated with residual magic.
The +7 arbalest "Utrecow" {venom, Contam rPois rF+ Dex+3} stops dripping with poison.
Your hands tingle!
a - a +2 rapier of speed (weapon)
The balrug gestures at you. Makhleb smites you!
You feel very mighty all of a sudden.
Asterion hits you with a +5 vorpal morningstar!!
* * * LOW HITPOINT WARNING * * *
You die...

###.....#..### #.............
#............######.............
#.............#.................
#..........^.###...^...........#
#............###^.............##
#...)........#^##^..^........###
#............^^^##.........>.###
##........^...^2H#...........##.
#.#...........^@^..^.......#P###
##.#.........^^^^...#.....####..
####..)....^^^#...^##...## #...
#.......###..^^^^##.## ##P..
###....###...^^##..## #P...
#..........###..#.# ##...
#..............P### #....
#...............### #....
##................# ##.##


You could see Asterion (fast) and a balrug (summoned).

Vanquished Creatures
  Rupert (Lair:3)
  Kirke (Lair:5)
  An emperor scorpion (Spider:1)
  A ghost moth (Spider:1)
  2 orc warlords (Orc:2)
  2 broodmothers (Spider:1)
  Snorg (Orc:1)
  8 boulder beetles
  7 hydras
  A catoblepas (D:14)
  3 centaur warriors
  Erica (D:8)
  5 two-headed ogres
  4 death yaks (Lair:6)
  A tengu warrior (D:13)
  Urug (Lair:5)
  A vampire mage (D:15)
  An orc high priest (Orc:2)
  3 hell knights
  5 skeletal warriors (D:15)
  A spark wasp zombie (D:15)
  A pharaoh ant (Spider:1)
  3 necromancers
  3 orc knights
  2 deep elf pyromancers
  6 wolf spiders
  A frost giant zombie (D:15)
  A mana viper (shapeshifter) (D:15)
  11 ugly things
  8 cyclopes
  A manticore (D:13)
  3 orc sorcerers
  2 stone giant zombies (D:15)
  6 black mambas
  2 salamanders (Volcano)
  6 molten gargoyles (Volcano)
  6 elephants (Lair:6)
  A rust devil (D:12)
  A torpor snail (Spider:1)
  6 gargoyles
  8 cane toads
  A kobold demonologist (D:13)
  3 unseen horrors
  Maggie (Lair:1)
  3 demonic crawlers (Spider:1)
  A rime drake (Lair:4)
  5 komodo dragons
  2 efreet
  A freezing wraith (D:14)
  6 trolls
  A merfolk (Lair:4)
  5 polar bears
  5 tarantellas (Spider:1)
  3 hornets (Lair:6)
  4 blink frogs (Lair:3)
  A dream sheep (Lair:6)
  9 slime creatures
  13 jumping spiders (Spider:1)
  6 culicivoras (Spider:1)
  15 spriggans
  3 hogs (Lair:5)
  A human (shapeshifter) (D:13)
  2 wraiths
  3 wyverns
  A hog (shapeshifter) (D:15)
  4 humans (Lair:5)
  4 basilisks
  A basilisk (shapeshifter) (D:14)
  26 yaks
  A yak (shapeshifter) (D:14)
  2 steam dragons
  4 redbacks
  11 vampire mosquitoes
  3 wargs (Orc:1)
  6 hell hounds (D:12)
  9 water moccasins
  Duvessa (D:7)
  40 orc warriors
  6 black bears
  2 sky beasts
  13 ogres
  5 boggarts (Lair:6)
  17 wolves
  8 centaurs
  2 phantoms
  5 kobold brigands
  11 bullfrogs
  A necrophage (D:7)
  4 gnoll sergeants
  7 scorpions
  12 wights
  Dowan (D:7)
  10 killer bees
  2 howler monkeys (D:9)
  2 electric eels
  3 jellies
  2 lava snakes
  10 hounds
  24 orc priests
  2 gnoll shamans (D:7)
  4 iguanas
  27 orc wizards
  3 hell rats (Lair:6)
  29 gnolls
  3 adders (D:4)
  A shadow imp (D:6)
  2 white imps (D:6)
  3 ufetubi
  3 dart slugs
  110 orcs
  11 endoplasms
  2 giant cockroaches (D:3)
  11 goblins
  6 hobgoblins
  9 jackals
  18 kobolds
  A quokka (D:1)
  8 ball pythons
  7 bats
  4 frilled lizards
  6 rats
753 creatures vanquished.

Vanquished Creatures (others)
  An orc (Orc:2)
  16 fungi (Lair:6)
  25 plants
  6 withered plants (D:15)
48 creatures vanquished.

Grand Total: 801 creatures vanquished

Notes
Turn   | Place    | Note
-------+----------+-------------------------------------------
     0 | D:1      | ptdevnull the Kobold Brigand began the quest for the Orb.
     0 | D:1      | Reached XP level 1. HP: 12/12 MP: 1/1
    67 | D:1      | Reached XP level 2. HP: 12/17 MP: 2/2
   215 | D:1      | Found Xosodowk's Jewellery Shop.
   654 | D:1      | Found a faded altar of an unknown god.
   670 | D:1      | Reached XP level 3. HP: 21/21 MP: 3/3
  1645 | D:2      | Reached XP level 4. HP: 26/26 MP: 4/4
  1895 | D:2      | Noticed a scorpion
  1899 | D:2      | Killed a scorpion
  1900 | D:2      | Reached skill level 5 in Short Blades
  1900 | D:2      | Reached XP level 5. HP: 30/30 MP: 5/5
  2622 | D:3      | Reached XP level 6. HP: 33/35 MP: 6/6
  3093 | D:3      | Found a radiant altar of Vehumet.
  3098 | D:3      | Found an ancient bone altar of Kikubaaqudgha.
  3102 | D:3      | Found a shimmering blue altar of Sif Muna.
  3106 | D:3      | Got Sif Muna's Guide on Illusion
  3392 | D:3      | Found a burning altar of Makhleb.
  3670 | D:4      | Found Naneraem's Assorted Antiques.
  3676 | D:4      | Reached XP level 7. HP: 40/40 MP: 7/7
  4169 | D:4      | Found a stormy altar of Qazlal.
  4169 | D:4      | Identified the +0 chain mail of Qazlal's Generosity {rC+
                  | Dex+2 SInv Stlth-}
  4660 | D:4      | Reached XP level 8. HP: 35/44 MP: 8/8
  4755 | D:5      | Entered Level 5 of the Dungeon
  4809 | D:4      | Reached skill level 5 in Dodging
  5133 | D:5      | Noticed a yak
  5135 | D:5      | Noticed a yak
  5135 | D:5      | Noticed a yak
  5220 | D:5      | Noticed a yak
  5749 | D:6      | Noticed a troll
  5753 | D:6      | Reached skill level 10 in Short Blades
  5753 | D:6      | Reached XP level 9. HP: 48/48 MP: 9/9
  5755 | D:6      | Killed a troll
  5760 | D:6      | Noticed a cyclops
  5762 | D:6      | Killed a cyclops
  6517 | D:4      | Bought a pitted arbalest for 256 gold pieces
  6517 | D:4      | Identified the +7 arbalest "Utrecow" {venom, Contam rPois
                  | rF+ Dex+3} (You bought it in a shop on level 4 of the
                  | Dungeon)
  6706 | D:7      | Reached skill level 1 in Crossbows
  6861 | D:7      | Reached skill level 2 in Crossbows
  6921 | D:7      | Reached XP level 10. HP: 55/55 MP: 10/10
  6924 | D:7      | Reached skill level 3 in Crossbows
  7031 | D:7      | Found a basalt altar of Yredelemnul.
  7139 | D:7      | Reached skill level 4 in Crossbows
  7248 | D:7      | Reached skill level 5 in Crossbows
  7450 | D:7      | Found a staircase to the Ecumenical Temple.
  7562 | Temple   | Entered the Ecumenical Temple
  7713 | Temple   | Became a worshipper of Warmaster Okawaru
  7803 | D:7      | Noticed Dowan
  7805 | D:7      | Noticed Duvessa
  7806 | D:7      | Killed Dowan
  7810 | D:7      | Killed Duvessa
  7811 | D:7      | Reached skill level 6 in Crossbows
  8312 | D:8      | Found a hazy altar of Hepliaklqana.
  8483 | D:8      | Noticed Erica
  8488 | D:8      | Killed Erica
  8488 | D:8      | Reached * piety under Okawaru
  8489 | D:8      | Reached skill level 5 in Fighting
  8489 | D:8      | Reached skill level 8 in Crossbows
  8919 | D:8      | Found a blossoming altar of Fedhas.
  9000 | D:8      | Noticed a red ugly thing
  9004 | D:8      | Killed a red ugly thing
  9276 | D:9      | Reached skill level 9 in Crossbows
  9440 | D:9      | Reached ** piety under Okawaru
  9527 | D:9      | Found a bloodstained altar of Trog.
  9607 | D:9      | Found an opulent altar of Gozag.
  9847 | D:9      | Reached XP level 11. HP: 64/64 MP: 11/11
  9899 | D:9      | Reached skill level 10 in Crossbows
 10348 | D:9      | Found a glowing silver altar of Zin.
 10400 | D:10     | Entered Level 10 of the Dungeon
 10422 | D:10     | Found a flagged portal.
 10451 | Bailey   | Entered a bailey
 10501 | Bailey   | Reached *** piety under Okawaru
 10502 | Bailey   | Reached skill level 11 in Crossbows
 11095 | Bailey   | Noticed a two-headed ogre
 11196 | Bailey   | Killed a two-headed ogre
 11197 | Bailey   | Reached skill level 12 in Crossbows
 11470 | D:10     | Reached **** piety under Okawaru
 12246 | D:10     | Found a broken altar of Ashenzari.
 12264 | D:10     | Noticed a two-headed ogre
 12267 | D:10     | Killed a two-headed ogre
 12267 | D:10     | Reached ***** piety under Okawaru
 12268 | D:10     | Reached skill level 13 in Crossbows
 12348 | D:10     | Noticed a cyclops
 12351 | D:10     | Killed a cyclops
 12619 | D:10     | Reached skill level 14 in Crossbows
 12624 | D:10     | Reached XP level 12. HP: 73/73 MP: 12/12
 13761 | D:11     | Reached skill level 15 in Crossbows
 13799 | D:11     | Found a staircase to the Lair.
 13860 | D:11     | Identified the +1 ring mail of Duazot {rN+} (Okawaru gifted
                  | it to you on level 11 of the Dungeon)
 13860 | D:11     | Received a gift from Okawaru
 14123 | D:11     | Reached skill level 16 in Crossbows
 14126 | D:11     | Reached skill level 1 in Invocations
 14744 | D:12     | Found a staircase to the Orcish Mines.
 15414 | D:12     | Noticed a hell knight
 15415 | D:12     | Noticed a hell knight
 15718 | D:12     | Killed a hell knight
 15718 | D:12     | Received a gift from Okawaru
 15879 | D:12     | Killed a hell knight
 15880 | D:12     | Reached skill level 5 in Invocations
 15885 | D:12     | Noticed a boulder beetle
 15892 | D:12     | Killed a boulder beetle
 15898 | D:12     | Reached XP level 13. HP: 24/80 MP: 17/17
 16139 | D:12     | Reached ****** piety under Okawaru
 16247 | D:12     | Found a runed translucent door.
 16249 | D:12     | Noticed a great orb of eyes
 16617 | Lair:1   | Entered Level 1 of the Lair of Beasts
 16989 | Lair:1   | Noticed Maggie
 16999 | Lair:1   | Killed Maggie
 17243 | Lair:1   | Found a broken altar of Ashenzari.
 17499 | Lair:2   | Found a dark tunnel.
 17504 | Volcano  | Entered a volcano
 17836 | Volcano  | Noticed an orb of fire
 17864 | Volcano  | Noticed an orb of fire
 17877 | Volcano  | Reached skill level 10 in Fighting
 17892 | Volcano  | Reached skill level 10 in Dodging
 17986 | Volcano  | Identified the +4 helmet of Repulsion {rC- MP+9 Dex+7}
                  | (Okawaru gifted it to you in a volcano)
 17986 | Volcano  | Received a gift from Okawaru
 18174 | Lair:2   | Noticed an eight-headed hydra
 18202 | Lair:2   | Killed an eight-headed hydra
 18562 | Lair:2   | Found a hole to the Spider Nest.
 19484 | Lair:3   | Noticed an eight-headed hydra
 19489 | Lair:3   | Killed an eight-headed hydra
 19805 | Lair:3   | Noticed a boulder beetle
 19814 | Lair:3   | Killed a boulder beetle
 20215 | Lair:3   | Noticed Rupert
 20240 | Lair:3   | Killed Rupert
 20240 | Lair:3   | Identified the +2 scale mail of Inviolability {rElec rPois
                  | Dex-5} (Okawaru gifted it to you on level 3 of the Lair of
                  | Beasts)
 20240 | Lair:3   | Received a gift from Okawaru
 20241 | Lair:3   | Reached XP level 14. HP: 63/90 MP: 20/20
 21367 | Lair:4   | Found a staircase to the Shoals.
 21763 | Lair:5   | Noticed Kirke
 21771 | Lair:5   | Killed Kirke
 22128 | Lair:5   | Noticed Urug
 22133 | Lair:5   | Killed Urug
 22192 | Lair:5   | Reached skill level 10 in Invocations
 22474 | Lair:6   | Entered Level 6 of the Lair of Beasts
 23062 | Lair:6   | Identified the -1 pair of boots "Inymiydwuff" {Regen+}
                  | (Okawaru gifted it to you on level 6 of the Lair of Beasts)
 23062 | Lair:6   | Received a gift from Okawaru
 23387 | Lair:6   | Found a staircase to the Slime Pits.
 24705 | Lair:6   | Reached skill level 1 in Evocations
 24867 | Lair:6   | Reached XP level 15. HP: 79/98 MP: 22/22
 25083 | Lair:6   | Learned a level 2 spell: Blink
 25087 | Lair:6   | Learned a level 3 spell: Gell's Gravitas
 25091 | Lair:6   | Learned a level 3 spell: Portal Projectile
 25095 | Lair:6   | Learned a level 3 spell: Teleport Other
 25637 | D:13     | Identified the +3 ring mail of Subjectivity {Dex+4}
                  | (Okawaru gifted it to you on level 13 of the Dungeon)
 25637 | D:13     | Received a gift from Okawaru
 26328 | D:13     | Reached skill level 10 in Stealth
 27424 | D:13     | Found a gate to the Vaults.
 28210 | D:14     | Reached skill level 5 in Evocations
 29046 | D:1      | Bought the amulet "Riagumaw" {Rampage +Blink rPois Regen+}
                  | for 578 gold pieces
 29321 | D:14     | Upgraded the game from 0.29-a0-559-g359e09b9d1 to
                  | 0.29-a0-575-g0dc89cf053
 29599 | D:15     | Entered Level 15 of the Dungeon
 29884 | D:15     | Identified the +2 cloak "Qirph" {+Inv rC+++ Dex+2 Stlth-}
 30002 | D:15     | Found Bakheahi's General Store.
 30358 | D:15     | Reached XP level 16. HP: 94/104 MP: 25/25
 30367 | D:15     | Found a staircase to the Depths.
 30654 | Orc:1    | Entered Level 1 of the Orcish Mines
 30675 | Orc:1    | Noticed Snorg
 30682 | Orc:1    | Killed Snorg
 31036 | Orc:2    | Entered Level 2 of the Orcish Mines
 31161 | Orc:2    | Received a gift from Okawaru
 31340 | Orc:2    | Found Axyunufaka's Distillery.
 31419 | Orc:2    | Found a staircase to the Elven Halls.
 31446 | Orc:2    | Received a gift from Okawaru
 31870 | Orc:2    | Found a transporter.
 31875 | Orc:2    | Noticed dolemite99's ghost (journeyman DsGl)
 31883 | Orc:2    | Found a transporter.
 32263 | Orc:2    | Found Ditakhli's Armour Boutique.
 32312 | Orc:2    | Found Wuorgh Debid's Antique Armour Emporium.
 32314 | Orc:2    | Found Ubbaib's Antique Weapon Shoppe.
 32736 | Spider:1 | Entered Level 1 of the Spider Nest
 33052 | Spider:1 | Reached skill level 15 in Stealth
 33108 | Spider:1 | Noticed an emperor scorpion
 33124 | Spider:1 | Killed an emperor scorpion
 33151 | Spider:1 | Reached skill level 1 in Translocations
 33177 | Spider:1 | Reached skill level 1 in Hexes
 33187 | Spider:1 | Reached skill level 1 in Spellcasting
 33258 | Spider:1 | Noticed Asterion
 33264 | Spider:1 | HP: 4/95 [Asterion/+5 vorpal morningstar (1)]
 33353 | Lair:2   | HP: 4/94 [Asterion/+5 vorpal morningstar (32)]
 33353 | Lair:2   | Mangled by Asterion

Illustrated notes

Levels and vault maps discovered:
D:1:      dpeg_arrival_tiny_a, layout_rooms, serial_shops, shop, serial_bayou,
          serial_bayou_lagoon_a, serial_bayou_lagoon_b, serial_bayou_shore_a,
          serial_bayou_pond_b, basic_ecumenical_altar
D:2:      wander_river, layout_basic
D:3:      layout_loops_ring, palyth_temple_overflow_mages, bloody_makhleb,
          grunt_ministairs_10, nrook_mini_backslash, minmay_misc_feat_tower,
          chequers_serial_rivers_micro_b, minmay_misc_feat_square
D:4:      layout_basic, grunt_qazlal_clouds, kennysheep_donut,
          nicolae_stop_n_shop_1
D:5:      layout_basic, serial_rivers, chequers_serial_rivers_room_b,
          chequers_serial_rivers_micro_e, chequers_serial_rivers_micro_e,
          chequers_serial_rivers_small_b, serial_shops, shop
D:6:      hangedman_cross_stitches, layout_loops_cross, minmay_misc_feat_tiny,
          serial_park_tiny_pond
D:7:      layout_basic, nicolae_overflow_crystal_walls, temple_statues,
          uniq_duvessa
D:8:      layout_basic, nicolae_hepliaklqana_hazy_memory, fedhas_altar_1,
          uniq_erica
D:9:      layout_loops_ring, zin_scriptorium, mainiacjoe_overflow_two_lobes
D:10:     layout_loops_corners, evilmike_ruin_ashenzari, enter_bailey_3,
          kennysheep_opposing_triangles
D:11:     layout_grid_maze, erik_lair_island
D:12:     mludivico_vault, layout_loops_cross,
          kennysheep_orc_monster_closet_entryway
D:13:     layout_stronghold, david_vaults_4, grunt_ministairs_11,
          dk_noncrumbling_4
D:14:     layout_long_grid
D:15:     gammafunk_depths_entry_grave, layout_basic, serial_bayou_pond_d,
          serial_shops, shop
Temple:   eino_temple_lava
Lair:1:   layout_chaotic_city, basic_altar, small_statue_intersection,
          minivault_19, uniq_maggie
Lair:2:   layout_cave_pods, spider_nest_entry_webs,
          nicolae_volcano_entry_lava_flow
Lair:3:   layout_small_grid, st_stairs_4, infiniplex_staircase_pool,
          grunt_megastairs_5, serial_bayou_shore_b, serial_bayou_shore_b,
          uniq_rupert
Lair:4:   layout_gridlike, elwin_shoals_entry_rooms
Lair:5:   layout_small_grid, uniq_urug, uniq_kirke
Lair:6:   minmay_lair_end_enchanted_forest, layout_regular_city,
          nicolae_slime_entry_slimehenge, st_stairs_9, grunt_megastairs_3
Spider:1: nicolae_spider_hilbert_zone_4 [nicolae_spider_hilbert_4_sides_2_open,
          nicolae_spider_hilbert_4_sides_1_open,
          nicolae_spider_hilbert_4_sides_1_open,
          nicolae_spider_hilbert_4_sides_1_open,
          nicolae_spider_hilbert_4_sides_1_open,
          nicolae_spider_hilbert_2_sides_1_open,
          nicolae_spider_hilbert_2_sides_1_open,
          nicolae_spider_hilbert_2_sides_1_open,
          nicolae_spider_hilbert_2_sides_1_open,
          nicolae_spider_hilbert_6_sides_1_open,
          nicolae_spider_hilbert_6_sides_1_open,
          nicolae_spider_hilbert_3_sides_1_open,
          nicolae_spider_hilbert_3_sides_1_open], nicolae_spider_circle_web,
          nicolae_spider_rock_and_or_roll, uniq_asterion
Orc:1:    nicolae_orc_accident_2, layout_diamond_mine,
          nicolae_orc_crystal_geode, uniq_snorg
Orc:2:    grunt_orc_community_town_hall, layout_diamond_mine,
          grunt_orc_community_big_house_2, grunt_orc_community_big_house_2,
          grunt_orc_community_house_3, grunt_orc_community_house_3,
          grunt_orc_community_house_3, grunt_orc_community_house_2,
          grunt_orc_community_house_3, grunt_orc_community_house_2,
          gammafunk_ghost_smash

Skill      XL: |  1  2  3  4  5  6  7  8  9 10 11 12 13 14 15 16 |
---------------+-------------------------------------------------+-----
Short Blades   | 3 4 5 6 8 10 13 | 13.2
Dodging        | 2 3 4 6 7 8 11 14 | 14.0
Stealth        | 6 7 9 12 15 | 15.0
Crossbows      | 2 9 14 16 | 16.0
Fighting       | 6 8 9 11 13 | 13.0
Invocations    | 5 9 10 12 14 | 14.0
Evocations     | 1 7 8 |  8.0
Translocations | 2 |  2.7
Hexes          | 1 |  1.7
Spellcasting   | 1 |  1.7
Throwing       | |  2.1

Action                   |  1- 3 |  4- 6 |  7- 9 | 10-12 | 13-15 | 16-18 || total
-------------------------+-------+-------+-------+-------+-------+-------++-------
Melee: Dagger            |    22 |       |       |       |       |       ||    22
       Rapier            |    72 |   100 |   209 |       |       |       ||   381
       Punch             |       |     1 |     1 |       |       |       ||     2
 Fire: Arbalest          |       |       |    15 |   449 |   875 |   434 ||  1773
Throw: Dart              |       |     2 |    11 |    21 |       |     1 ||    35
       Throwing net      |       |       |       |     2 |       |       ||     2
 Abil: Evoke Blink       |       |       |       |       |       |     2 ||     2
Evoke: Wand              |       |       |       |     1 |     2 |     3 ||     6
  Use: Scroll            |       |       |     5 |    17 |    17 |     6 ||    45
       Potion            |       |       |     1 |     2 |     6 |     6 ||    15
 Stab: Sleeping          |    12 |    19 |    35 |       |       |       ||    66
       Distracted        |       |       |     3 |       |       |       ||     3
Armor: Robe              |    10 |    10 |    10 |       |       |       ||    30
       Steam dragon scal |       |       |       |    49 |    81 |    39 ||   169
       Skin              |       |       |       |       |     5 |       ||     5
Dodge: Dodged            |    51 |    32 |   104 |   273 |   623 |   406 ||  1489

Table legend: (Time is in decaauts)
 A = Elapsed time spent in this place.
 B = Non-inter-level travel time spent in this place.
 C = Inter-level travel time spent in this place.
 D = Time resting spent in this place.
 E = Time spent auto-exploring this place.
 F = Levels seen in this place.
 G = Mean time per level.
                   A        B        C        D        E       F      G
               +--------+--------+--------+--------+--------+-----+--------+
         Total |  33399 |  31201 |   2198 |   3752 |  23124 |  27 | 1237.0 |
       Dungeon |  21224 |  19441 |   1783 |   2060 |  14824 |  15 | 1414.9 |
        Temple |    159 |    142 |     17 |      0 |    131 |   1 |  159.0 |
          Lair |   8108 |   7746 |    362 |   1014 |   5925 |   6 | 1351.3 |
   Spider Nest |    527 |    527 |      0 |    144 |    154 |   1 |  527.0 |
  Orcish Mines |   1757 |   1724 |     33 |    107 |   1159 |   2 |  878.5 |
        Bailey |    964 |    964 |      0 |    427 |    396 |   1 |  964.0 |
       Volcano |    657 |    657 |      0 |      0 |    534 |   1 |  657.0 |
               +--------+--------+--------+--------+--------+-----+--------+

Top non-repeatable levels by time:
    D:12: 2875 daAuts
  Lair:6: 2643 daAuts
    D:13: 2326 daAuts
    D:10: 1941 daAuts
  Lair:3: 1558 daAuts
     D:1: 1480 daAuts
     D:4: 1410 daAuts
   Orc:2: 1368 daAuts
     D:7: 1322 daAuts
    D:14: 1314 daAuts
     D:9: 1271 daAuts
     D:6: 1222 daAuts
     D:2: 1196 daAuts
     D:3: 1182 daAuts
     D:8: 1178 daAuts
